 Dungeon Crawl Stone Soup version 0.19.1 (webtiles) character file.

310 Patate the Covert (level 6, -6/29 HPs)
             Began as a Spriggan Enchanter on Dec 3, 2016.
             Killed by nerve-wracking pain
             ... invoked by an orc priest
              (11 damage)
             ... on level 3 of the Dungeon.
             The game lasted 00:12:33 (4462 turns).

Patate the Covert (Spriggan Enchanter)              Turns: 4462, Time: 00:12:34

Health: -6/29      AC:  4    Str:  6    XL:     6   Next: 17%
Magic:  6/11       EV: 21    Int: 16    God:
Gold:   146        SH:  0    Dex: 17    Spells: 2 memorised, 7 levels left

rFire  . . .     SeeInvis +     g - +1 dagger (venom)
rCold  . . .     Gourm    .     b - +2 robe
rNeg   . . .     Faith    .     (shield restricted)
rPois  .         Spirit   .     (helmet restricted)
rElec  .         Reflect  .     (no cloak)
rCorr  .         Harm     .     (gloves unavailable)
MR     +....                    (boots unavailable)
Stlth  ++++......               (no amulet)
                                (no ring)
                                (no ring)

@: very slightly contaminated, very quick
A: unfitting armour, see invisible, herbivore 3, speed 3, slow metabolism 2
a: no special abilities


You were on level 3 of the Dungeon.
You were very hungry.

You visited 1 branch of the dungeon, and saw 3 of its levels.

You collected 146 gold pieces.

Inventory:

Hand Weapons
 g - a +1 dagger of venom (weapon)
Armour
 b - a +2 robe (worn)
Wands
 h - a wand of paralysis (12/24)
 l - a wand of polymorph (5/24)
Potions
 a - a potion of flight {unknown}
 e - a potion of brilliance {unknown}
 f - a potion of resistance {unknown}
 n - 2 potions of might {unknown}
Books
 c - a book of Maledictions

   Spells                             Type                      Level
   a - Corona                         Hexes                        1
   b - Ensorcelled Hibernation        Hexes/Ice                    2
   c - Confuse                        Hexes                        3
   d - Tukima's Dance                 Hexes                        3
   e - Dazzling Spray                 Conjuration/Hexes            3
Comestibles
 d - 3 bread rations


   Skills:
 - Level 0.8 Fighting
 - Level 1.1 Short Blades
 + Level 5.7 Dodging
 + Level 8.9 Stealth
 - Level 2.6 Spellcasting
 - Level 3.6 Hexes
 - Level 0.2 Ice Magic


You had 7 spell levels left.
You knew the following spells:

 Your Spells              Type           Power        Failure   Level  Hunger
a - Corona                Hex            ##.....      6%          1    #......
b - Ensorcelled Hibernat  Hex/Ice        #.....       14%         2    ##.....


Dungeon Overview and Level Annotations

Branches:
Dungeon (3/15)

Altars:
Ashenzari
Elyvilon
Trog
Vehumet
Xom
Yredelemnul
The Shining One

Annotations:
D:3 Grinder


Innate Abilities, Weirdness & Mutations

You are very small and have problems with some larger weapons.
You are too small for most types of armour.
You have supernaturally acute eyesight. (SInv)
You are a herbivore.
You cover ground extremely quickly.
You need consume almost no food.


Message History

Aim: an orc priest (chance to defeat MR: 39%)
You miscast Ensorcelled Hibernation.
You are very lightly contaminated with residual magic.
The light around you dims momentarily.
The orc priest invokes the aid of Beogh against you.
Beogh smites you!
Ouch! That really hurt!
* * * LOW HITPOINT WARNING * * *
Casting: Ensorcelled Hibernation
Confirm with . or Enter, or press ? or * to list all spells.
Aiming: Ensorcelled Hibernation
Press: ? - help, Shift-Dir - straight line, f/p - orc priest
Aim: an orc priest (chance to defeat MR: 39%)
The orc priest resists with some effort.
You hit the orc priest.
The orc priest is poisoned.
The orc priest is lightly wounded.
The orc priest closely misses you.
The orc priest calls down the wrath of Beogh upon you.
Pain shoots through your body!
You die...

#.# #.# #.#
#.# #.# #.#
#.# #.# #.#
#.#
###.######.#
##
#..........#
.###
#.#.#########
...#
#.....@...o.#
._.##
###......##.#
....##
######.##.#
.....# #.##.#
.....# #.##.#
._...# #.##.#
....## #.##.#
.#o.#
#########.##.#
##.##
#............#


You could see an orc priest.

Vanquished Creatures
  2 orc wizards (D:3)
  Jessica (D:2)
  Natasha (thrice) (D:2)
  An adder (D:2)
  4 gnolls (D:2)
  A shadow imp (D:3)
  A worm (D:2)
  7 dart slugs
  A leopard gecko (D:3)
  8 orcs
  5 giant cockroaches
  8 goblins
  5 hobgoblins
  6 jackals (D:1)
  5 kobolds
  A quokka (D:3)
  3 ball pythons
  6 bats
  5 frilled lizards
  9 rats
82 creatures vanquished.

Notes
Turn   | Place    | Note
-------+----------+-------------------------------------------
     0 | D:1      | Patate the Spriggan Enchanter began the quest for the Orb.
     0 | D:1      | Reached XP level 1. HP: 9/9 MP: 5/5
   263 | D:1      | Reached skill level 5 in Stealth
   278 | D:1      | Reached XP level 2. HP: 11/13 MP: 6/6
  1080 | D:1      | Learned a level 2 spell: Ensorcelled Hibernation
  1231 | D:1      | Reached XP level 3. HP: 9/16 MP: 2/8
  1267 | D:1      | Reached skill level 6 in Stealth
  2129 | D:2      | Noticed Natasha
  2136 | D:2      | Killed Natasha
  2136 | D:2      | Reached XP level 4. HP: 21/21 MP: 9/9
  2157 | D:2      | Noticed Natasha
  2179 | D:2      | Killed Natasha
  2179 | D:2      | Reached skill level 7 in Stealth
  2247 | D:2      | Noticed Jessica
  2254 | D:2      | Killed Jessica
  2254 | D:2      | Reached XP level 5. HP: 25/25 MP: 10/10
  2394 | D:2      | Reached skill level 5 in Dodging
  2522 | D:2      | Noticed Natasha
  2539 | D:2      | Killed Natasha
  2997 | D:3      | Reached skill level 8 in Stealth
  3359 | D:3      | Noticed Grinder
  3380 | D:3      | Found a white marble altar of Elyvilon.
  3382 | D:3      | Found a shattered altar of Ashenzari.
  3671 | D:3      | Found a basalt altar of Yredelemnul.
  3893 | D:2      | Reached XP level 6. HP: 29/29 MP: 4/11
  3943 | D:3      | Found a faded altar of an unknown god.
  4380 | D:3      | Found a shimmering altar of Xom.
  4383 | D:3      | Found a radiant altar of Vehumet.
  4384 | D:3      | Found a glowing golden altar of the Shining One.
  4384 | D:3      | Found a bloodstained altar of Trog.
  4462 | D:3      | Killed from afar by an orc priest

Skill      XL: |  1  2  3  4  5 |
---------------+----------------+-----
Stealth        | 5 6 7 8 |  8.9
Dodging        | 4 5 |  5.7
Fighting       | |  0.8
Short Blades   | |  1.1
Spellcasting   | |  2.6
Hexes          | |  3.6
Ice Magic      | |  0.2

Action                   |  1- 3 |  4- 6 || total
-------------------------+-------+-------++-------
Melee: Dagger            |   165 |    90 ||   255
 Cast: Ensorcelled Hiber |     2 |    28 ||    30
  Use: Potion            |     1 |       ||     1
       Scroll            |       |     5 ||     5
 Stab: Sleeping          |    10 |    16 ||    26
       Distracted        |       |     1 ||     1
  Eat: Royal jelly       |       |     1 ||     1
Armor: Robe              |    34 |     2 ||    36
Dodge: Dodged            |   169 |    59 ||   228
